 Dungeon Crawl Stone Soup version 0.30.1-9-gdf580d7c3d (webtiles) character file.

Game seed: 13638776044624574854

359 leafyfresh the Covert (level 6, 0/53 HPs)
             Began as a Gnoll Delver on Oct 25, 2023.
             Killed from afar by Natasha (12 damage)
             ... with a puff of flame
             ... on level 4 of the Dungeon.
             The game lasted 00:02:01 (1435 turns).

leafyfresh the Covert (Gnoll Delver)                Turns: 1435, Time: 00:02:02

Health: 0/53       AC:  4    Str: 11    XL:     6   Next: 65%
Magic:  9/9        EV: 14    Int:  9    God:
Gold:   52         SH:  0    Dex: 16    Spells: 7/9 levels left

rFire   . . .        a - +0 short sword
rCold   . . .        (no shield)
rNeg    . . .        b - +0 leather armour
rPois   .            (no helmet)
rElec   .            (no cloak)
rCorr   .            k - +0 pair of gloves
SInv    .            (no boots)
Will    .....        (no amulet)
Stlth   ++++         (no ring)
HPRegen 0.28/turn    (no ring)
MPRegen 0.11/turn

%: no passive effects
@: no status effects
A: fangs 1, strong nose, distributed training
a: no special abilities


You were on level 4 of the Dungeon.
You visited 1 branch of the dungeon, and saw 2 of its levels.

You collected 52 gold pieces.

Inventory:

Hand Weapons
 a - a +0 short sword (weapon)
Armour
 b - a +0 leather armour (worn)
 k - a +0 pair of gloves (worn)
Jewellery
 l - a ring of protection from fire
Wands
 g - a wand of digging (3)
 j - a wand of paralysis (6)
Scrolls
 c - a scroll of fog
 d - 2 scrolls of magic mapping
 e - a scroll of immolation {unknown}
 m - 2 scrolls of identify {unknown}
Potions
 f - a potion of haste
 h - 3 potions of curing {unknown}
 i - a potion of cancellation {unknown}
 n - a potion of mutation {unknown}
 o - a potion of brilliance {unknown}


   Skills:
 + Level 6.9 Fighting
 + Level 5.0 Short Blades
 + Level 2.1 Long Blades
 + Level 2.1 Axes
 + Level 2.1 Maces & Flails
 + Level 2.1 Polearms
 + Level 2.1 Staves
 + Level 2.1 Ranged Weapons
 + Level 2.1 Throwing
 + Level 2.1 Armour
 + Level 5.0 Dodging
 + Level 9.8 Stealth
 + Level 2.1 Shields
 + Level 2.1 Unarmed Combat
 + Level 2.1 Spellcasting
 + Level 1.7 Conjurations
 + Level 1.7 Hexes
 + Level 1.7 Summonings
 + Level 1.7 Necromancy
 + Level 1.7 Translocations
 + Level 1.7 Transmutations
 + Level 1.7 Fire Magic
 + Level 1.7 Ice Magic
 + Level 1.7 Air Magic
 + Level 1.7 Earth Magic
 + Level 1.7 Poison Magic
 + Level 2.3 Invocations
 + Level 2.1 Evocations


You had 7 spell levels left.
You knew the following spells:

 Your Spells              Type           Power      Damage    Failure   Level
a - Call Imp              Summ           8%         N/A       32%         2

Your spell library contained the following spells:

 Spells                   Type           Power      Damage    Failure   Level
 Magic Dart               Conj           16%        1d3       22%         1
 Lesser Beckoning         Tloc           8%         N/A       32%         2
 Static Discharge         Conj/Air       8%         2-3/arc   32%         2
 Gell's Gravitas          Tloc           4%         N/A       54%         3
 Mephitic Cloud           Conj/Pois/Air  4%         N/A       54%         3
 Teleport Other           Tloc           4%         N/A       54%         3
 Airstrike                Air            2%         2d(1-17)  91%         4
 Summon Lightning Spire   Summ/Air       4%         N/A       91%         4


Dungeon Overview and Level Annotations

Branches:
Dungeon (5/15)
 Temple: D:4-7

Altars:

Annotations:
D:4 1 runed translucent door, Crazy Yiuf, Natasha


Innate Abilities, Weirdness & Mutations

You have very sharp teeth.
Your uncanny sense of smell can sniff out nearby items.
Your experience applies equally to all skills.


Message History

Natasha is heavily wounded.
The cerulean imp hits you but does no damage.
Natasha stares at you and mumbles some strange words.
You resist with some effort.
You hit Natasha. You bite Natasha, but do no damage.
Natasha is heavily wounded.
The cerulean imp hits you from afar with a +2 spear.
Natasha barely misses you.
You hit Natasha but do no damage.
Natasha is heavily wounded.
You closely miss Natasha. Your bite misses Natasha.
Natasha is heavily wounded.
The cerulean imp barely misses you. Natasha misses you.
You closely miss Natasha.
Natasha is heavily wounded.
The cerulean imp closely misses you.
Natasha zaps a wand.
The puff of flame misses you.
You hit Natasha.
Natasha is severely wounded.
The cerulean imp hits you from afar with a +2 spear.
Natasha claws you but does no damage.
You hit Natasha but do no damage.
Natasha is severely wounded.
You hit Natasha but do no damage. You bite Natasha, but do no damage.
Natasha is severely wounded.
The cerulean imp hits you from afar with a +2 spear.
Natasha drinks a potion.
Natasha is healed!
You barely miss Natasha. Your punch misses Natasha.
The cerulean imp hits you from afar with a +2 spear.
Natasha mumbles some strange words.
Natasha glows brightly for a moment.
Natasha stares at you and mumbles some strange words.
The magic dart hits you!
You barely miss Natasha. The cerulean imp misses you.
Natasha closely misses you.
You barely miss Natasha.
The cerulean imp hits you from afar with a +2 spear.
* * * LOW HITPOINT WARNING * * *
Natasha zaps a wand.
The puff of flame hits you!
You die...

##..............#............###
##...............................
#................................
#..............................8.
#................................
#............................#...
##..........................###.#
##...........5..............##.#
###...........@...............#
##..........h...........##...#
####....8.................#####..
#.##.....................## ###
#...8...8##.....#.......## #.
.........####..##......## #.
....8.8..# #####......# ##
.).......# #......## .†........#
##.....##


You could see Natasha and a cerulean imp (summoned).

Vanquished Creatures
  A black bear (D:4)
  An ogre (D:5)
  A scorpion (D:5)
  A hound (D:4)
  A jelly (D:4)
  A sleepcap (D:4)
  Natasha (D:4)
  A worm (D:4)
  2 dart slugs (D:4)
  An endoplasm (D:4)
  A giant cockroach (D:4)
  2 hobgoblins (D:4)
  A ball python (D:4)
  4 goblins (D:4)
  A kobold (D:4)
20 creatures vanquished.

Notes
Turn   | Place    | Note
-------+----------+-------------------------------------------
     0 | D:5      | Reached skill level 9 in Stealth
     0 | D:5      | leafyfresh the Gnoll Delver began the quest for the Orb.
     0 | D:5      | Reached XP level 1. HP: 23/23 MP: 1/1
    22 | D:5      | Noticed an ogre
    29 | D:5      | Killed an ogre
    30 | D:5      | Reached skill level 1 in Long Blades
    30 | D:5      | Reached skill level 1 in Axes
    30 | D:5      | Reached skill level 1 in Maces & Flails
    30 | D:5      | Reached skill level 1 in Polearms
    30 | D:5      | Reached skill level 1 in Staves
    30 | D:5      | Reached skill level 1 in Ranged Weapons
    30 | D:5      | Reached skill level 1 in Throwing
    30 | D:5      | Reached skill level 1 in Armour
    30 | D:5      | Reached skill level 1 in Shields
    30 | D:5      | Reached skill level 1 in Unarmed Combat
    30 | D:5      | Reached skill level 1 in Spellcasting
    30 | D:5      | Reached skill level 1 in Conjurations
    30 | D:5      | Reached skill level 1 in Hexes
    30 | D:5      | Reached skill level 1 in Summonings
    30 | D:5      | Reached skill level 1 in Necromancy
    30 | D:5      | Reached skill level 1 in Translocations
    30 | D:5      | Reached skill level 1 in Transmutations
    30 | D:5      | Reached skill level 1 in Fire Magic
    30 | D:5      | Reached skill level 1 in Ice Magic
    30 | D:5      | Reached skill level 1 in Air Magic
    30 | D:5      | Reached skill level 1 in Earth Magic
    30 | D:5      | Reached skill level 1 in Poison Magic
    30 | D:5      | Reached skill level 1 in Invocations
    30 | D:5      | Reached skill level 1 in Evocations
    30 | D:5      | Reached XP level 2. HP: 29/29 MP: 1/3
    30 | D:5      | Reached XP level 3. HP: 35/35 MP: 1/4
    30 | D:5      | Reached XP level 4. HP: 41/41 MP: 1/5
    77 | D:5      | Noticed a scorpion
   102 | D:5      | Killed a scorpion
   103 | D:5      | Reached XP level 5. HP: 14/47 MP: 5/7
   258 | D:5      | Noticed a water moccasin
   842 | D:4      | Found a runed translucent door.
   843 | D:4      | Noticed Crazy Yiuf
   910 | D:4      | Noticed a black bear
   917 | D:4      | Killed a black bear
   918 | D:4      | Reached skill level 5 in Short Blades
   918 | D:4      | Reached skill level 5 in Dodging
   918 | D:4      | Reached XP level 6. HP: 53/53 MP: 7/9
  1057 | D:4      | Learned a level 2 spell: Call Imp
  1061 | D:4      | Noticed Natasha
  1070 | D:4      | Killed Natasha
  1418 | D:4      | Noticed Natasha
  1435 | D:4      | Killed from afar by Natasha

Illustrated notes

Levels and vault maps discovered:
D:4:      layout_cave_pods, serial_column_ruins, column_ruins_square_small,
          column_ruins_hut, column_ruins_columns_straight, column_ruins_grid_1,
          column_ruins_open_small, column_ruins_open_small,
          column_ruins_corridor_straight, uniq_crazy_yiuf_cottage, uniq_natasha
D:5:      layout_gridville, serial_shops, nicolae_shop_rolling_square,
          nicolae_half_adder, uniq_edmund

Skill      XL: |  1  2  3  4  5 |
---------------+----------------+-----
Stealth        | |  9.8
Long Blades    | 1 2 |  2.1
Axes           | 1 2 |  2.1
Maces & Flails | 1 2 |  2.1
Polearms       | 1 2 |  2.1
Staves         | 1 2 |  2.1
Ranged Weapons | 1 2 |  2.1
Throwing       | 1 2 |  2.1
Armour         | 1 2 |  2.1
Shields        | 1 2 |  2.1
Unarmed Combat | 1 2 |  2.1
Spellcasting   | 1 2 |  2.1
Conjurations   | 1 |  1.7
Hexes          | 1 |  1.7
Summonings     | 1 |  1.7
Necromancy     | 1 |  1.7
Translocations | 1 |  1.7
Transmutations | 1 |  1.7
Fire Magic     | 1 |  1.7
Ice Magic      | 1 |  1.7
Air Magic      | 1 |  1.7
Earth Magic    | 1 |  1.7
Poison Magic   | 1 |  1.7
Invocations    | 1 2 |  2.3
Evocations     | 1 2 |  2.1
Short Blades   | 5 |  5.0
Dodging        | 5 |  5.0
Fighting       | |  6.9

Action                     |  1- 3 |  4- 6 || total
---------------------------+-------+-------++-------
  Melee: Short sword       |     1 |   108 ||   109
         Bite              |       |    13 ||    13
         Punch             |       |     2 ||     2
    Use: Scroll            |       |     1 ||     1
   Stab: Sleeping          |     1 |     9 ||    10
 Armour: Leather armour    |       |    12 ||    12
  Dodge: Dodged            |       |    52 ||    52
